 Dungeon Crawl Stone Soup version 0.31.0-11-ge490571c62 (webtiles) character file.

Game seed: 13859441119378655418

1674 mopl the Summoner (level 9, -6/45 HPs)
             Began as a Tengu Summoner on Jan 31, 2024.
             Was a Believer of Sif Muna.
             Killed from afar by a steam dragon (21 damage)
             ... with a ball of steam
             ... on level 7 of the Dungeon.
             The game lasted 00:09:27 (5062 turns).

mopl the Summoner (Tengu Summoner)                  Turns: 5062, Time: 00:09:28

Health: -6/45      AC:  4    Str:  9    XL:     9   Next: 1%
Magic:  18/20      EV: 31    Int: 20    God:    Sif Muna [**....]
Gold:   293        SH:  0    Dex: 17    Spells: 7/21 levels left

rFire   . . .        b - +9 whip of Ymyzxatz {drain, rElec Dex+3}
rCold   + . .        (no shield)
rNeg    . . .        l - +0 robe
rPois   .            (helmet restricted)
rElec   +            (no cloak)
rCorr   .            (no gloves)
SInv    .            (boots unavailable)
Will    +....        (no amulet)
Stlth   ++           r - ring of willpower
HPRegen 0.27/turn    y - ring of protection from cold
MPRegen 0.17/turn

%: acrobat
@: acrobatic, unable to call your familiar, flying
A: beak, talons 3, evasive flight, acrobatic, iridescent scales 1
a: Renounce Religion, Channel Magic


You were on level 7 of the Dungeon.
You worshipped Sif Muna.
Sif Muna was pleased with you.
You visited 1 branch of the dungeon, and saw 7 of its levels.
You also visited: Ossuary.

You collected 293 gold pieces.

Inventory:

Hand Weapons
 a - a +0 spear
 b - the +9 whip of Ymyzxatz (weapon) {drain, rElec Dex+3}
   (You found it on level 5 of the Dungeon)

   Dex+3:     It affects your dexterity (+3).
   rElec:     It insulates you from electricity.
 v - a +1 short sword of draining
Missiles
 e - 16 poisoned darts
 w - 11 boomerangs
Armour
 c - a scarf of invisibility
 l - a +0 robe (worn)
Jewellery
 h - an amulet of faith
 r - a ring of willpower (left hand)
 y - a ring of protection from cold (right hand)
Scrolls
 f - 3 scrolls of revelation {unknown}
 i - 2 scrolls of fog {unknown}
 j - 2 scrolls of teleportation {unknown}
 m - 2 scrolls of enchant weapon {unknown}
 n - 6 scrolls of poison
 p - a scroll of blinking {unknown}
 s - 2 scrolls of fear {unknown}
 x - a scroll of immolation {unknown}
 A - 4 scrolls of amnesia {unknown}
 C - a scroll of enchant armour {unknown}
 D - a scroll of brand weapon {unknown}
Potions
 d - 3 potions of mutation
 g - a potion of heal wounds {unknown}
 k - a potion of lignification {unknown}
 o - 2 potions of magic
 q - 4 potions of curing {unknown}
 t - a potion of resistance
 u - a potion of attraction
 z - a potion of haste
 E - a potion of might
 F - a potion of brilliance


   Skills:
 + Level 5.0 Polearms
 - Level 2.1 Dodging
 - Level 2.0 Stealth
 * Level 6.8 Spellcasting
 * Level 9.7 Summonings


You had 7 spell levels left.
You knew the following spells:

 Your Spells              Type           Power      Damage    Failure   Level
a - Summon Small Mammal   Summ           100%       N/A       1%          1
b - Call Imp              Summ           90%        N/A       1%          2
c - Call Canine Familiar  Summ           45%        N/A       1%          3
d - Summon Lightning Spi  Summ/Air       26%        N/A       13%         4
g - Summon Blazeheart Go  Fire/Summ      26%        N/A       13%         4

Your spell library contained the following spells:

 Spells                   Type           Power      Damage    Failure   Level
 Apportation              Tloc           12%        N/A       10%         1
 Foxfire                  Conj/Fire      24%        2x1d5     10%         1
 Animate Armour           Summ/Erth      52%        N/A       13%         4
 Jinxbite                 Hex            12%        N/A       14%         2
 Lesser Beckoning         Tloc           12%        N/A       14%         2
 Mercury Vapours          Alch/Air       12%        N/A       14%         2
 Sublimation of Blood     Necr           6%         N/A       14%         2
 Gell's Gravitas          Tloc           6%         N/A       28%         3
 Mephitic Cloud           Conj/Alch/Air  6%         N/A       28%         3
 Teleport Other           Tloc           6%         N/A       28%         3
 Flame Wave               Conj/Fire      6%         2d5       67%         4
 Ignite Poison            Fire/Alch      6%         N/A       67%         4
 Summon Hydra             Summ           22%        N/A       83%         7
 Alistair's Intoxication  Alch           4%         N/A       95%         5
 Freezing Cloud           Conj/Ice/Air   3%         6-21      95%         5
 Lee's Rapid Deconstruct  Erth           3%         3d5*      95%         5
 Plasma Beam              Fire/Air       3%         2x1d13    100%        6


Dungeon Overview and Level Annotations

Branches:
Dungeon (7/15)             Temple (0/1) D:4         Ossuary (visited)

Altars:
Elyvilon
Hepliaklqana
Sif Muna
Trog
Wu Jian
Yredelemnul
The Shining One


Innate Abilities, Weirdness & Mutations

You have a beak for a mouth.
You have claws for feet.
Your magical flight helps you evade attacks. (EV +4)
You can magically evade attacks while moving or waiting.
You are partially covered in iridescent scales. (AC +2)


Message History

The steam dragon is moderately wounded.
The steam dragon misses you. The steam dragon barely misses you.
Your cerulean imp is engulfed in a cloud of scalding steam.
Your cerulean imp dies!
Your cerulean imp disappears in a puff of smoke!
The orc is engulfed in a cloud of scalding steam.
The orc dies!
Your inugami is engulfed in a cloud of scalding steam.
Your inugami dies!
Your inugami disappears in a puff of smoke!
Casting: Call Imp (safe; 1% risk of failure)
Confirm with . or Enter, or press ? or * to list all spells.
A tiny devil pulls itself out of the air.
The centaur shouts!
You hear a shout!
The centaur shoots an arrow.
The arrow hits you!
An ice beast comes into view.
The steam dragon misses you.
The steam dragon claws you but does no damage.
Unknown command.
The centaur shoots an arrow.
The arrow closely misses you. The steam dragon breathes steam at you.
The ball of steam misses you.
You hear a shout!
The centaur shoots an arrow.
The arrow misses your cerulean imp. The arrow misses you.
Your cerulean imp hits the steam dragon but does no damage.
You hear a bark!
You are engulfed in a cloud of scalding steam.
The centaur shoots an arrow.
The arrow barely misses you.
Your cerulean imp hits the steam dragon but does no damage.
You are engulfed in a cloud of scalding steam.
The centaur shoots an arrow.
The arrow barely misses your cerulean imp.
The arrow completely misses you. The lemure hits your cerulean imp.
The centaur shoots an arrow.
The arrow hits your cerulean imp!
Your cerulean imp dies!
Your cerulean imp disappears in a puff of smoke!
The steam dragon breathes steam at you. The ball of steam hits you!!
You die...

#........................
.#...............(.c......
...................).......
...................5.......
.................§.§§......
....................§......
..................§........
...............§§D§.§......
..............@§.§§........
...................§.......
...........................
.......................>>..
.........<................
........................
.......................
[.....................
.................


You could see a steam dragon (catching breath), a lemure and a centaur.

Vanquished Creatures
  A sky beast (D:7)
  2 ice beasts
  A black bear (D:5)
  A phantom (D:6)
  A bullfrog (D:6)
  2 scorpions (Ossuary)
  A bombardier beetle (D:5)
  A human zombie (Ossuary)
  A gnoll bouda (D:6)
  2 sleepcaps
  A hound (D:4)
  A jelly (D:5)
  2 iguanas
  4 scorpion zombies (Ossuary)
  3 mummies (Ossuary)
  3 gnolls (D:6)
  4 adders
  A shadow imp (D:6)
  3 ufetubi
  6 adder zombies (Ossuary)
  6 dart slugs
  A ribbon worm (D:5)
  6 orcs
  8 endoplasms
  5 giant cockroaches
  3 goblins
  3 hobgoblins
  2 jackals (D:3)
  6 quokkas
  2 bats (D:3)
  2 frilled lizards
  2 gnoll zombies (Ossuary)
  A jackal zombie (Ossuary)
  7 kobolds
  A kobold zombie (Ossuary)
  2 rats (D:1)
98 creatures vanquished.

Vanquished Creatures (collateral kills)
  A phantom (D:4)
  A scorpion (D:5)
  2 bombardier beetles
  A hound (D:6)
  An orc priest (D:6)
  4 iguanas
  An orc wizard (D:6)
  A mummy (D:6)
  4 gnolls (D:6)
  An ufetubus (D:5)
  11 orcs
  A frilled lizard (D:2)
  2 gnoll zombies (Ossuary)
31 creatures vanquished.

Vanquished Creatures (others)
  An orc (D:7)
  A quokka (D:6)
2 creatures vanquished.

Grand Total: 131 creatures vanquished

Notes
Turn   | Place    | Note
-------+----------+-------------------------------------------
     0 | D:1      | mopl the Tengu Summoner began the quest for the Orb.
     0 | D:1      | Reached XP level 1. HP: 10/10 MP: 4/4
   134 | D:1      | Reached skill level 5 in Summonings
   173 | D:1      | Reached XP level 2. HP: 9/15 MP: 6/6
   415 | D:1      | Learned a level 2 spell: Call Imp
   577 | D:1      | Reached XP level 3. HP: 19/19 MP: 7/7
   581 | D:1      | Learned a level 3 spell: Call Canine Familiar
  1126 | D:2      | Reached XP level 4. HP: 24/24 MP: 3/9
  1230 | D:2      | Got the Volume of Accelerants
  1654 | D:3      | Reached skill level 1 in Polearms
  1837 | D:3      | Found a shimmering blue altar of Sif Muna.
  1840 | D:3      | Found a bloodstained altar of Trog.
  1840 | D:3      | Found an ornate altar of the Wu Jian Council.
  1842 | D:3      | Found a hazy altar of Hepliaklqana.
  1843 | D:3      | Found a basalt altar of Yredelemnul.
  1845 | D:3      | Became a worshipper of Sif Muna the Loreminder
  1847 | D:3      | Noticed an ice beast
  1878 | D:3      | Killed an ice beast
  1879 | D:3      | Reached skill level 6 in Summonings
  1879 | D:3      | Reached XP level 5. HP: 27/28 MP: 6/11
  2314 | D:4      | Learned a level 4 spell: Summon Blazeheart Golem
  2361 | D:4      | Reached XP level 6. HP: 29/32 MP: 12/12
  2622 | D:4      | Found a staircase to the Ecumenical Temple.
  2696 | D:4      | Reached skill level 7 in Summonings
  2825 | D:5      | Entered Level 5 of the Dungeon
  3066 | D:5      | Gained mutation: Your magical flight helps you evade
                  | attacks. (EV +4) [Tengu growth]
  3066 | D:5      | Reached XP level 7. HP: 36/36 MP: 8/15
  3074 | D:5      | Reached * piety under Sif Muna
  3081 | D:5      | Identified the +9 whip of Ymyzxatz {drain, rElec Dex+3}
  3135 | D:5      | Found a glowing golden altar of the Shining One.
  3336 | D:5      | Reached skill level 5 in Spellcasting
  3544 | D:5      | Reached skill level 8 in Summonings
  3841 | D:6      | Reached XP level 8. HP: 41/41 MP: 13/17
  3927 | D:6      | Found a sand-covered staircase.
  3935 | Ossuary  | Entered an ossuary
  3944 | Ossuary  | Reached ** piety under Sif Muna
  4075 | Ossuary  | Reached skill level 9 in Summonings
  4174 | Ossuary  | Learned a level 4 spell: Summon Lightning Spire
  4509 | D:6      | Found a white marble altar of Elyvilon.
  4674 | D:6      | Gained mutation: Your mind is acute. (Int +4, Str/Dex -1)
                  | [potion of mutation]
  4674 | D:6      | Gained mutation: You are partially covered in iridescent
                  | scales. (AC +2) [potion of mutation]
  4674 | D:6      | Lost mutation: Your mind is acute. (Int +4, Str/Dex -1)
                  | [potion of mutation]
  4981 | D:7      | Reached skill level 5 in Polearms
  4981 | D:7      | Reached XP level 9. HP: 28/45 MP: 18/20
  5062 | D:7      | Killed from afar by a steam dragon

Illustrated notes

Levels and vault maps discovered:
D:1:      spicycebolla_green_bress_n_ham_2, layout_loops_cross,
          serial_park_tiny_pond, minmay_misc_feat_ornament
D:2:      layout_rooms
D:3:      layout_rooms, grunt_temple_overflow_open, minmay_misc_feat_enclosed
D:4:      layout_basic, minmay_temple_entry_drinking_statues
D:5:      layout_gridville, amcnicky_altar_gilded
D:6:      layout_cave_pools, elyvilon_altar_4, gup_ossuary_entry_pyramid
D:7:      layout_layer_cave, mainiacjoe_overflow_brackets,
          uniq_crazy_yiuf_cottage, uniq_pikel

Skill      XL: |  1  2  3  4  5  6  7  8 |
---------------+-------------------------+-----
Summonings     | 5 6 7 8 9 |  9.7
Spellcasting   | 3 4 5 6 |  6.8
Polearms       | 1 2 3 5 |  5.0
Dodging        | |  2.1
Stealth        | |  2.0

Action                     |  1- 3 |  4- 6 |  7- 9 || total
---------------------------+-------+-------+-------++-------
  Melee: Unarmed           |   103 |       |       ||   103
         Kick              |    35 |    23 |    52 ||   110
         Peck              |    21 |    12 |    42 ||    75
         Spear             |     6 |   132 |     9 ||   147
         Punch             |       |     1 |     1 ||     2
         Short sword       |       |     1 |       ||     1
         Whip              |       |       |   163 ||   163
   Cast: Call Imp          |     1 |     7 |     8 ||    16
         Call Canine Famil |     1 |     8 |     7 ||    16
         Summon Small Mamm |       |     2 |     2 ||     4
    Use: Scroll            |       |     1 |     6 ||     7
         Potion            |       |       |     1 ||     1
   Stab: Sleeping          |     6 |     4 |     2 ||    12
         Distracted        |       |     1 |     1 ||     2
 Armour: Robe              |    46 |    44 |    80 ||   170
  Dodge: Dodged            |    56 |    59 |   143 ||   258
